 Dungeon Crawl Stone Soup version 0.30-a0-141-g30f27751c5 (webtiles) character file.

Game seed: 10567644845936379408

199 qw the Chopper (level 5, -4/33 HPs)
             Began as a Gargoyle Fighter on Sept 24, 2022.
             Slain by an orc warrior
             ... wielding a +0 dire flail
              (6 damage)
             ... on level 4 of the Dungeon.
             The game lasted 00:01:03 (3758 turns).

qw the Chopper (Gargoyle Fighter)                   Turns: 3758, Time: 00:01:04

Health: -4/33      AC: 10    Str: 21    XL:     5   Next: 77%
Magic:  5/5        EV:  9    Int:  9    God:
Gold:   76         SH:  4    Dex:  9    Spells: 4/4 levels left

rFire   . . .      SeeInvis .    Y - +1 war axe
rCold   . . .      Faith    .    c - +0 buckler
rNeg    + . .      Spirit   .    b - +0 scale mail
rPois   inf        Reflect  .    (no helmet)
rElec   +          Harm     .    (no cloak)
rCorr   .          Rampage  .    (no gloves)
Will    .....                    (no boots)
Stlth   ..........               (no amulet)
HPRegen 0.11/turn                (no ring)
MPRegen 0.09/turn                (no ring)

@: no status effects
A: sickness immunity, AC +4, negative energy resistance 1, electricity
resistance, torment resistance 1, petrification resistance
a: no special abilities


You were on level 4 of the Dungeon.
You visited 1 branch of the dungeon, and saw 4 of its levels.

You collected 76 gold pieces.


Innate Abilities, Weirdness & Mutations

You are immune to sickness and miasma.
Your stone body is resilient. (AC +4)
You are immune to poison.
You resist negative energy. (rN+)
You are resistant to electric shocks. (rElec)
You are resistant to unholy torment.
You are immune to petrification.


   Skills:
 + Level 3.9 Fighting
 - Level 5.0 Axes
 - Level 3.2 Armour
 - Level 3.2 Shields


You had 4 spell levels left.
You didn't know any spells.
Your spell library was empty.

Inventory:

Hand Weapons
 l - a +0 mace
 Y - a +1 war axe (weapon)
Armour
 b - a +0 scale mail (worn)
 c - a +0 buckler (worn)
Scrolls
 h - 3 scrolls of identify
Potions
 d - a potion of might
 e - a potion of haste
 f - a potion of lignification
 g - 3 potions of curing
 j - a potion of brilliance {unknown}

Dungeon Overview and Level Annotations

Branches:
Dungeon (4/15)
 Temple: D:4-7

Altars:
Cheibriados

Shops:
D:1 !


Message History

You destroy the mummy!
An orc comes into view. It is wielding a +0 club.
The orc shouts!
An orc comes into view. It is wielding a +0 dagger.
An orc warrior comes into view. It is wielding a +0 dire flail.
3747 ||| Stepping ~*~*~tactically~*~*~ (stealth).
An orc warrior and an orc come into view.
The orc warrior shouts!
The orc shouts!
You hear a shout!
An orc comes into view. It is wielding a +0 whip.
You slash the orc!
You kill the orc!
You barely miss the orc warrior.
The orc warrior hits you with a +0 dire flail.
You hit the orc warrior.
The orc warrior is lightly wounded.
You closely miss the orc. You hit the orc. The orc hits you but does no damage.
The orc hits you with a +0 short sword.
The orc warrior hits you with a +0 dire flail!
Ouch! That really hurt!
You slash the orc!
You kill the orc!
You closely miss the orc. You closely miss the orc warrior.
The orc closely misses you.
The orc warrior hits you with a +0 dire flail. x2
The orc hits you but does no damage. x2
You hit the orc warrior.
The orc warrior is moderately wounded.
You hit the orc but do no damage. You slash the orc!
You kill the orc!
The orc hits you with a +0 short sword. You block the orc warrior's attack.
You closely miss the orc warrior.
The orc warrior is moderately wounded.
You hit the orc. The orc barely misses you. The orc warrior closely misses you.
You barely miss the orc warrior.
The orc warrior is moderately wounded.
You hit the orc. The orc closely misses you.
The orc warrior hits you with a +0 dire flail.
You die...

#.# #.# #.# #
#.# .. #. #.#
... #.
#.####.... ##
#.
####.#.......
... #.
#....#o......
...# #>
#.##.@o...._.
... #.
#>####)......
#.##. #.#
....... #....
#.# ###....
###.. #.# ...
####.. #.#
...###....<
#.#
...........
#.#
#..........
#.#####.#
##.........


You could see an orc warrior and an orc.

Vanquished Creatures
  2 orc priests (D:3)
  A mummy (D:4)
  3 adders
  An ufetubus (D:4)
  2 worms
  A dart slug (D:3)
  9 orcs
  5 bats
  6 endoplasms
  4 giant cockroaches
  4 goblins
  5 hobgoblins
  16 jackals
  A kobold (D:1)
  A quokka (D:2)
  4 ball pythons
  6 frilled lizards
  2 rats (D:2)
73 creatures vanquished.

Notes
Turn   | Place    | Note
-------+----------+-------------------------------------------
     0 | D:1      | qw the Gargoyle Fighter began the quest for the Orb.
     0 | D:1      | Reached XP level 1. HP: 14/14 MP: 1/1
     0 | D:1      | 0 ||| qw: Version: 0.1.0-9-gbc19398
     0 | D:1      | 0 ||| qw: Game counter: 47
     0 | D:1      | 0 ||| qw: Always use a shield: true
     0 | D:1      | 0 ||| qw: God list: Okawaru
     0 | D:1      | 0 ||| qw: Allow faded altars: false
     0 | D:1      | 0 ||| qw: Do Orc after D:15 true
     0 | D:1      | 0 ||| qw: Do second Lair branch before Depths: true
     0 | D:1      | 0 ||| qw: Lair rune preference: random
     0 | D:1      | 0 ||| qw: Plans: Normal, Zot:1-4, God:TSO, Crypt, Tomb,
                  | Pan, Slime:5, Hells, Abyss, Orb
     0 | D:1      | 0 ||| PLANNING D:1-11
   234 | D:1      | Reached skill level 2 in Axes
   484 | D:1      | Found a faded altar of an unknown god.
   683 | D:1      | Found Vyale's Distillery.
   686 | D:1      | 686 ||| SHOPLISTING potion of cancellation (112 gold, have
                  | 9).
   686 | D:1      | 686 ||| SHOPLISTING potion of curing (42 gold, have 9).
   686 | D:1      | 686 ||| SHOPLISTING potion of might (56 gold, have 9).
   686 | D:1      | 686 ||| SHOPLISTING potion of mutation (112 gold, have 9).
   773 | D:1      | Reached XP level 2. HP: 19/19 MP: 2/2
  1053 | D:1      | 1053 ||| READING scroll labelled DIUPTE PIALYDGH.
  1202 | D:2      | 1202 ||| Stepping ~*~*~tactically~*~*~ (stealth).
  1493 | D:2      | Reached skill level 3 in Axes
  1671 | D:2      | Reached XP level 3. HP: 23/23 MP: 3/3
  2018 | D:2      | 2018 ||| DROPPING +0 club.
  2114 | D:2      | 2114 ||| DROPPING amulet of magic regeneration.
  2115 | D:2      | 2115 ||| READING scroll labelled UFADOWNIPYCK.
  2116 | D:2      | 2116 ||| READING 3 scrolls labelled KYCSUX GUGH.
  2117 | D:2      | 2117 ||| READING scroll labelled GAAFYTEPSI.
  2118 | D:2      | 2118 ||| READING scroll labelled ITTYAQOLUAT.
  2119 | D:2      | 2119 ||| READING 2 scrolls of identify.
  2119 | D:2      | 2119 ||| IDENTIFYING sapphire potion
  2138 | D:3      | Found the +4 robe of Augmentation {Str+4 Int+4 Dex+4}
  2158 | D:3      | 2158 ||| Stepping ~*~*~tactically~*~*~ (stealth).
  2164 | D:3      | Reached XP level 4. HP: 28/28 MP: 4/4
  2190 | D:3      | Reached skill level 4 in Axes
  2342 | D:3      | 2342 ||| Stepping ~*~*~tactically~*~*~ (hiding).
  2353 | D:3      | HP: 6/28 [orc priest/divine providence (14)]
  2644 | D:3      | Reached XP level 5. HP: 32/32 MP: 5/5
  2977 | D:3      | Reached skill level 5 in Axes
  3453 | D:3      | 3453 ||| DROPPING ring of magical power.
  3454 | D:3      | 3454 ||| READING 3 scrolls labelled RAYLUE WENYU.
  3455 | D:3      | 3455 ||| DRINKING 2 pink potions.
  3481 | D:3      | 3481 ||| DRINKING 4 green potions.
  3482 | D:3      | 3482 ||| DROPPING 2 scrolls of vulnerability.
  3576 | D:4      | 3576 ||| Stepping ~*~*~tactically~*~*~ (stealth).
  3578 | D:4      | 3578 ||| Stepping ~*~*~tactically~*~*~ (stealth).
  3613 | D:4      | 3613 ||| Stepping ~*~*~tactically~*~*~ (stealth).
  3615 | D:4      | 3615 ||| Stepping ~*~*~tactically~*~*~ (stealth).
  3616 | D:4      | 3616 ||| Stepping ~*~*~tactically~*~*~ (stealth).
  3618 | D:4      | 3618 ||| Stepping ~*~*~tactically~*~*~ (stealth).
  3630 | D:4      | 3630 ||| Stepping ~*~*~tactically~*~*~ (stealth).
  3692 | D:4      | 3692 ||| Stepping ~*~*~tactically~*~*~ (stealth).
  3693 | D:4      | 3693 ||| Stepping ~*~*~tactically~*~*~ (stealth).
  3727 | D:4      | Found a snail-covered altar of Cheibriados.
  3746 | D:4      | Noticed an orc warrior
  3747 | D:4      | 3747 ||| Stepping ~*~*~tactically~*~*~ (stealth).
  3755 | D:4      | HP: 7/33 [orc warrior/+0 dire flail (6)]
  3755 | D:4      | HP: 3/33 [orc warrior/+0 dire flail (4)]
  3758 | D:4      | Slain by an orc warrior

Levels and vault maps discovered:
D:1:      dpeg_arrival_renting, layout_loops_corners, serial_shops,
          nicolae_shop_behind_doors, chequers_ecumenical_altar_simple
D:2:      layout_basic, grunt_decor_fettered
D:3:      layout_basic
D:4:      layout_loops_ring, kennysheep_orc_sif_temple, slow_altar_1,
          kennysheep_little_box

Skill      XL: |  1  2  3  4  5 |
---------------+----------------+-----
Axes           | 2 3 4 5 |  5.0
Fighting       | |  3.9
Armour         | |  3.2
Shields        | |  3.2

Action                   |  1- 3 |  4- 6 || total
-------------------------+-------+-------++-------
Melee: War axe           |   118 |    91 ||   209
  Use: Scroll            |     6 |     1 ||     7
       Potion            |       |     2 ||     2
Armor: Scale mail        |    54 |    32 ||    86
Dodge: Dodged            |    58 |    34 ||    92
Block: Buckler           |    22 |    27 ||    49

Table legend:
 A = Non-vault XP
 B = Vault XP
 C = Vault XP percentage of total XP
 D = Non-vault monster count
 E = Vault monster count
 F = Vault count percentage of total count
                 A         B        C        D         E       F
            +---------+---------+-------+---------+---------+-------
      Total |     267 |      18 |   6.3 |      72 |       1 |   1.4
            +---------+---------+-------+---------+---------+-------
        D:1 |      12 |       0 |   0.0 |       9 |       0 |   0.0
        D:2 |      51 |       0 |   0.0 |      20 |       0 |   0.0
        D:3 |     172 |       0 |   0.0 |      31 |       0 |   0.0
        D:4 |      32 |      18 |  36.0 |      12 |       1 |   7.7
            +---------+---------+-------+---------+---------+-------
